 Dungeon Crawl Stone Soup version 0.29-a0-817-g9904bce7a6 (webtiles) character file.

Game seed: 7693809365931318408

123 Pooter the Chopper (level 4, -1/41 HPs)
             Began as a Minotaur Monk on July 5, 2022.
             Slain by an ogre
             ... wielding a +0 giant spiked club
              (12 damage)
             ... on level 2 of the Dungeon.
             The game lasted 00:12:47 (2184 turns).

Pooter the Chopper (Minotaur Monk)                  Turns: 2184, Time: 00:12:48

Health: -1/41      AC:  3    Str: 18    XL:     4   Next: 79%
Magic:  3/3        EV: 12    Int: 13    God:
Gold:   128        SH:  0    Dex: 12    Spells: 3/3 levels left

rFire   . . .      SeeInvis .   a - +2 short sword (holy)
rCold   + . .      Faith    .   (no shield)
rNeg    . . .      Spirit   .   h - +0 leather armour
rPois   .          Reflect  .   (helmet restricted)
rElec   .          Harm     .   (no cloak)
rCorr   .          Rampage  .   (no gloves)
Will    .....                   (no boots)
Stlth   ++........              (no amulet)
HPRegen 0.13/turn               l - +6 ring of intelligence
MPRegen 0.08/turn               I - ring of protection from cold

@: no status effects
A: horns 2, retaliatory headbutt
a: no special abilities


You were on level 2 of the Dungeon.
You visited 1 branch of the dungeon, and saw 2 of its levels.

You collected 128 gold pieces.

Inventory:

Hand Weapons
 a - a +2 short sword of holy wrath (weapon)
   (You took it off a kobold on level 2 of the Dungeon)
 b - a +0 sling
   (You took it off a goblin on level 2 of the Dungeon)
 m - a +0 hand axe
 p - the +5 dagger "Pendulum" {antimagic, *Corrode rC+ Str+4}
   (You found it on level 2 of the Dungeon)

   It reduces the magical energy of the wielder, and disrupts the spells and
   magical abilities of those it strikes.
   Natural abilities and divine invocations are not affected.
   Str:       It affects your strength (+4).
   rC:        It protects you from cold.
   *Corrode:  It may corrode you when you take damage.
Missiles
 f - 5 javelins
 o - an atropa-tipped dart
 Q - 52 stones (quivered)
Armour
 h - a +0 leather armour (worn)
   (You found it on level 1 of the Dungeon)
Jewellery
 l - a +6 ring of intelligence (left hand)
   (You found it on level 2 of the Dungeon)
 I - a ring of protection from cold (right hand)
   (You found it on level 2 of the Dungeon)
Scrolls
 e - a scroll of blinking {unknown}
 i - a scroll of summoning {unknown}
 j - a scroll of immolation {unknown}
 k - a scroll of amnesia {unknown}
 n - a scroll of teleportation {unknown}
Potions
 d - 3 potions of curing {unknown}
 g - 2 potions of flight {unknown}


   Skills:
 + Level 4.3 Fighting
 * Level 5.1 Axes
 + Level 4.0 Dodging
 + Level 2.4 Stealth


You had 3 spell levels left.
You didn't know any spells.
Your spell library was empty.

Dungeon Overview and Level Annotations

Branches:
Dungeon (2/15)

Altars:


Innate Abilities, Weirdness & Mutations

You have a pair of horns on your head.
You reflexively headbutt those who attack you in melee.


Message History

You kill the endoplasm!
Your Dodging skill increases to level 4!
You see here a goblin skeleton.
Things that are here:
the +5 dagger "Pendulum" {antimagic, *Corrode rC+ Str+4}; a human skeleton
p - the +5 dagger "Pendulum" {antimagic, *Corrode rC+ Str+4} You see here a goblin skeleton.
There is an open door here.
You see here a +0 club.
There is an open door here.
There is an open gate here.
Found a short sword.
You see here a +0 short sword.
An ogre is nearby!
Throw: 3 darts (atropa)
Aim: an ogre, wielding a +0 giant spiked club (wandering, hasn't noticed you, 74% to hit, chance to blind on hit: 41%)
You throw an atropa-tipped dart. The atropa-tipped dart hits the ogre.
The ogre resists.
The ogre shouts!
Throw: 6 javelins
Aim: an ogre, wielding a +0 giant spiked club (74% to hit)
You throw a javelin.
The javelin pierces through the ogre but does no damage.
Throw: 2 darts (atropa)
Aim: an ogre, wielding a +0 giant spiked club (74% to hit, chance to blind on hit: 41%)
You throw an atropa-tipped dart.
The atropa-tipped dart barely misses the ogre.
You hit the ogre. The ogre closely misses you.
You barely miss the ogre.
The ogre hits you with a +0 giant spiked club!!
Ouch! That really hurt!
* * * LOW HITPOINT WARNING * * *
You are confused.
You feel invigorated.
You barely miss the ogre. Your headbutt misses the ogre.
The ogre barely misses you.
You're too confused to move!
The ogre closely misses you.
You completely miss the ogre. The ogre barely misses you.
You feel less invigorated.
You feel less confused.
You barely miss the ogre.
The ogre hits you with a +0 giant spiked club!!
* * * LOW HITPOINT WARNING * * *
You hit the ogre. Your headbutt misses the ogre.
The ogre completely misses you.
You hit the ogre. You headbutt the ogre!
Unknown command.
You hit the ogre. You headbutt the ogre.
The ogre hits you with a +0 giant spiked club!
You die...

#.# #..# ##.....## # #.# #..#
##...## # #.# #..# ##'''## # #.#
#..# #.....# # #.#
#..######...### # #.#
#.....).#..## # #.###..####.#.##
# ######.##.O.####.#.########
... .....(.@.........)).....
####.######(##...####.#########.
##.......... .....# #.# #.
........$).#.###..# #.# #.
).....#### # #..# #.# #. ##.####
#..# #.# #. #.# #..####.### #.
#.### #..##....)# #. #...#
.###..##.....# #.


You could see an ogre.

Vanquished Creatures
  2 jellies (D:2)
  A gnoll (D:1)
  A worm (D:2)
  11 endoplasms
  A goblin (D:2)
  3 hobgoblins
  16 kobolds
  A quokka (D:2)
  3 ball pythons (D:1)
  2 bats (D:1)
  4 frilled lizards
  6 rats
51 creatures vanquished.

Vanquished Creatures (others)
  4 fungi (D:2)
  5 toadstools (D:2)
9 creatures vanquished.

Grand Total: 60 creatures vanquished

Notes
Turn   | Place    | Note
-------+----------+-------------------------------------------
     0 | D:1      | Pooter the Minotaur Monk began the quest for the Orb.
     0 | D:1      | Reached XP level 1. HP: 19/19 MP: 0/0
   162 | D:1      | Found a faded altar of an unknown god.
   605 | D:1      | Reached XP level 2. HP: 27/27 MP: 1/1
   660 | D:1      | Reached skill level 4 in Axes
  1240 | D:2      | Noticed an ogre
  1318 | D:2      | Reached XP level 3. HP: 33/33 MP: 2/2
  1865 | D:2      | Reached XP level 4. HP: 15/40 MP: 3/3
  1866 | D:2      | Reached skill level 5 in Axes
  2090 | D:2      | Identified the +5 dagger "Pendulum" {antimagic, *Corrode
                  | rC+ Str+4}
  2184 | D:2      | Slain by an ogre

Illustrated notes

Levels and vault maps discovered:
D:1:      dpeg_arrival_pond, layout_basic, serial_corexii_hall,
          corexii_hall_statues_u, chequers_hall_statues_corner_a,
          dreamdust_ecumenical_altar_statues
D:2:      cheibrodos_fertilizer, layout_loops_ring, basic_altar

Skill      XL: |  1  2  3  4 |
---------------+-------------+-----
Axes           | 4 5 |  5.1
Fighting       | 4 |  4.3
Stealth        | 2 |  2.4
Dodging        | 4 |  4.0

Action                   |  1- 3 |  4- 6 || total
-------------------------+-------+-------++-------
Melee: Hand axe          |    49 |       ||    49
       Headbutt          |    12 |     5 ||    17
       Punch             |     1 |       ||     1
       Short sword       |    31 |    17 ||    48
 Fire: Sling             |    40 |       ||    40
Throw: Stone             |    12 |       ||    12
       Dart              |       |     2 ||     2
       Javelin           |       |     1 ||     1
  Use: Potion            |       |     1 ||     1
Armor: Robe              |     3 |       ||     3
       Leather armour    |    10 |     1 ||    11
Dodge: Dodged            |    52 |     7 ||    59

Table legend: (Time is in decaauts)
 A = Elapsed time spent in this place.
 B = Non-inter-level travel time spent in this place.
 C = Inter-level travel time spent in this place.
 D = Time resting spent in this place.
 E = Time spent auto-exploring this place.
 F = Levels seen in this place.
 G = Mean time per level.
                   A        B        C        D        E       F      G
               +--------+--------+--------+--------+--------+-----+--------+
         Total |   2205 |   2190 |     15 |    731 |    699 |   2 | 1102.5 |
       Dungeon |   2205 |   2190 |     15 |    731 |    699 |   2 | 1102.5 |
               +--------+--------+--------+--------+--------+-----+--------+

Top non-repeatable levels by time:
     D:1: 1194 daAuts
     D:2: 1011 daAuts
